 Dungeon Crawl Stone Soup version 0.19.1 (webtiles) character file.

98 XO4YCPATb the Cudgeler (level 4, 0/35 HPs)
             Began as a Mummy Chaos Knight on Dec 16, 2016.
             Slain by a wight
             ... wielding a +3 scimitar
              (2 damage)
             ... on level 2 of the Dungeon.
             The game lasted 00:04:34 (13898 turns).

XO4YCPATb the Cudgeler (Mummy Chaos Knight)        Turns: 13898, Time: 00:04:35

Health: 0/35       AC:  5    Str: 16    XL:     4   Next: 44%
Magic:  4/4        EV: 11    Int: 11    God:    Xom [....*.]
Gold:   1439       SH:  0    Dex: 11    Spells: 0 memorised, 3 levels left

rFire  . . .     SeeInvis .     a - +0 mace (chaos)
rCold  . . .     Gourm    .     b - +2 leather armour
rNeg   + + +     Faith    .     (no shield)
rPois  ∞         Spirit   .     (no helmet)
rElec  .         Reflect  .     (no cloak)
rCorr  .         Harm     .     (no gloves)
MR     .....                    (no boots)
Stlth  +.........               (no amulet)
                                (no ring)
                                g - ring of fire

@: no status effects
A: no food or potions, fire vulnerability, cold resistance 1, negative energy
resistance 3, torment resistance, unbreathing
a: Renounce Religion


You were on level 2 of the Dungeon.
You worshipped Xom.
You were a beloved toy of Xom.
You were not hungry.

You visited 1 branch of the dungeon, and saw 2 of its levels.

You collected 1439 gold pieces.

Inventory:

Hand Weapons
 a - a +0 mace of chaos (weapon)
Armour
 b - a +2 leather armour (worn)
Jewellery
 g - a ring of fire (left hand)
Scrolls
 c - 2 scrolls of amnesia {unknown}
 d - 3 scrolls of teleportation {unknown}
 e - 3 scrolls of noise {unknown}
 f - 2 scrolls of identify {unknown}
 h - a scroll of random uselessness {unknown}
 i - a scroll of enchant armour {unknown}
Miscellaneous
 j - a disc of storms


   Skills:
 - Level 3.0 Fighting
 * Level 4.3 Maces & Flails
 - Level 1.5 Armour
 - Level 0.7 Dodging


You had 3 spell levels left.
You didn't know any spells.

Dungeon Overview and Level Annotations

Branches:
Dungeon (2/15)

Altars:
Fedhas
Makhleb
Xom


Innate Abilities, Weirdness & Mutations

You do not eat or drink.
Your flesh is vulnerable to fire.
You are immune to poison.
Your flesh is cold resistant. (rC+)
You are immune to negative energy. (rN+++)
You are immune to unholy pain and torment.
You can survive without breathing.


Message History

You hit the wight but do no damage.
The wight appears confused.
The wight is moderately damaged.
You hit the wight.
The wight is heavily damaged.
You catch the helpless wight completely off-guard!
You hit the wight but do no damage.
The wight is heavily damaged.
The wight seems less confused.
The wight hits you with an enchanted scimitar!
* * * LOW HITPOINT WARNING * * *
You are too injured to fight recklessly!
You are too injured to fight recklessly!
You are too injured to fight recklessly!
You hit the wight. You burn the wight.
The wight is severely damaged.
The wight hits you but does no damage.
You hit the wight but do no damage.
The wight is severely damaged.
The wight hits you with an enchanted scimitar.
You die...

####....###.########..#...##.....
.....####...............#.#......
#######...##..........#...#.#....
#.####..........#.....##... ##
#.# #..........##....###.. .#
##.# #..........##.......##
.#####>.# #..........##...!.#.##
..#.....# #...<......#..........
......#.####....@.....#......)..#
......._..##....z.....#.........#
#.#.#.#.#....###...####.........#
#...........>.##...# #...(.....#
###.####...........# #########.#
....# ######......# #.#
###.############...#### #..
............####......#### ###.
.##########....#...##....## #...


You could see a wight.

Vanquished Creatures
  A hound (D:1)
  A gnoll (D:1)
  An adder (D:1)
  A dart slug (D:1)
  6 bats
  2 giant cockroaches (D:1)
  6 goblins
  2 hobgoblins
  9 kobolds
  3 quokkas (D:2)
  A ball python (D:2)
  5 frilled lizards
  10 rats
48 creatures vanquished.

Notes
Turn   | Place    | Note
-------+----------+-------------------------------------------
     0 | D:1      | XO4YCPATb the Mummy Chaos Knight began the quest for the Orb.
     0 | D:1      | Reached XP level 1. HP: 18/18 MP: 1/1
    65 | D:1      | XOM: divination: detect creatures
   409 | D:1      | Reached XP level 2. HP: 24/24 MP: 2/2
   447 | D:1      | Reached skill level 3 in Maces & Flails
   491 | D:1      | XOM: butterfly on damage
   621 | D:1      | XOM: harmless Tloc miscast
   687 | D:2      | Reached XP level 3. HP: 29/29 MP: 3/3
   749 | D:2      | Found a blossoming altar of Fedhas.
   875 | D:2      | XOM: silly message
   901 | D:2      | Found a burning altar of Makhleb.
  1053 | D:2      | XOM: mild Air miscast
  1233 | D:1      | XOM: scenery: 1 doors close
  2502 | D:1      | XOM: god gift: bread ration
  2684 | D:1      | XOM is BORED!
  2684 | D:1      | XOM: mild Necr miscast
  2895 | D:1      | XOM: scenery: 1 doors open
  3075 | D:1      | XOM: god gift: 1340 gold pieces
  3183 | D:1      | XOM: god gift: 5 meat rations
  3773 | D:1      | XOM: scenery: 1 doors close
  3783 | D:1      | XOM: scenery: 1 doors open
  4184 | D:1      | XOM: divination: detect items
  4286 | D:1      | XOM: 2-stop teleportation journey
  4425 | D:1      | XOM is BORED!
  4425 | D:1      | XOM: medium Tmut miscast
  4555 | D:1      | XOM: scenery: create altars
  4568 | D:1      | XOM: medium Ice miscast
  4600 | D:1      | XOM: god gift: 2 green potions {god gift}
  4751 | D:1      | XOM: harmless Necr miscast
  5015 | D:1      | XOM: cloud trail
  5380 | D:1      | XOM: noise
  5624 | D:1      | XOM: cloud trail
  6003 | D:1      | XOM: cloud trail
  6339 | D:1      | XOM: cast spell 'Summon Butterflies'
  6409 | D:1      | Reached skill level 4 in Maces & Flails
  6409 | D:1      | Reached XP level 4. HP: 20/35 MP: 4/4
  6876 | D:1      | XOM is BORED!
  6876 | D:1      | XOM: mild Chrm miscast
  7912 | D:1      | XOM: god gift: disc of storms
  8551 | D:1      | XOM: scenery: create altars
  8814 | D:1      | XOM: summons 1 hostile shadow creature
  9507 | D:1      | XOM: summons 2 hostile demons
  9715 | D:1      | XOM: summons 2 hostile shadow creatures
  9716 | D:1      | Noticed a kobold demonologist
 10314 | D:1      | XOM: god gift: short glowing staff {god gift}
 11138 | D:1      | XOM: mild Pois miscast
 11379 | D:1      | XOM is BORED!
 11379 | D:1      | XOM: summons 2 hostile demons
 11544 | D:1      | XOM: scenery: create altars
 11707 | D:1      | XOM: god gift: scroll labeled EBLYSAXTUD {god gift}
 12825 | D:1      | XOM: divination: magic mapping
 13586 | D:1      | XOM: 1-stop teleportation journey
 13898 | D:2      | Slain by a wight

Skill      XL: |  1  2  3 |
---------------+----------+-----
Maces & Flails | 3 4 |  4.3
Fighting       | |  3.0
Armour         | |  1.5
Dodging        | |  0.7

Action                   |  1- 3 |  4- 6 || total
-------------------------+-------+-------++-------
Melee: Mace              |   103 |    51 ||   154
 Stab: Petrifying        |     1 |       ||     1
       Confused          |       |     1 ||     1
Armor: Leather armour    |    45 |    17 ||    62
Dodge: Dodged            |    71 |    15 ||    86
